 Dungeon Crawl Stone Soup version 0.31-a0-7-g51783674b7 (console) character file.

Game seed: 10919151775665847230

2 petzl the Sneak (level 1, -1/18 HPs)
             Began as a Formicid Delver on May 6, 2023.
             Killed from afar by an orc wizard (11 damage)
             ... with a puff of flame
             ... on level 7 of the Dungeon.
             The game lasted 00:01:36 (341 turns).

petzl the Sneak (Formicid Delver)                    Turns: 341, Time: 00:01:36

Health: -1/18      AC:  3    Str: 16    XL:     1   Next: 33%
Magic:  1/1        EV: 12    Int:  9    God:
Gold:   13         SH:  0    Dex: 15    Spells: 0/0 levels left

rFire   . . .        a - +0 mace
rCold   . . .        (no shield)
rNeg    . . .        b - +0 leather armour
rPois   .            (helmet unavailable)
rElec   .            (no cloak)
rCorr   .            (no gloves)
SInv    +            (no boots)
Will    .....        l - amulet of the acrobat
Stlth   +++          (no ring)
HPRegen 0.23/turn    (no ring)
MPRegen 0.07/turn

%: acrobat
@: no status effects
A: permanent stasis, dig shafts and tunnels, antennae 3, four strong arms
a: Dig, Shaft Self


You were on level 7 of the Dungeon.
You visited 1 branch of the dungeon, and saw 5 of its levels.

You collected 13 gold pieces.

Inventory:

Hand Weapons
 a - a +0 mace (weapon)
Missiles
 g - 5 poisoned darts
Armour
 b - a +0 leather armour (worn)
Jewellery
 l - an amulet of the acrobat (around neck)
Wands
 f - a wand of digging (3)
Scrolls
 c - 2 scrolls of fog
 d - a scroll of magic mapping
 e - a scroll of fear
 i - a scroll of identify {unknown}
Potions
 h - 2 potions of curing {unknown}
 j - a potion of attraction {unknown}
 k - a potion of ambrosia {unknown}


   Skills:
 - Level 3.3 Fighting
 - Level 2.0 Maces & Flails
 - Level 1.8 Dodging
 - Level 6.0 Stealth
 + Level 0.2 Spellcasting


You couldn't memorise any spells.
You didn't know any spells.
Your spell library was empty.

Dungeon Overview and Level Annotations

Branches:
Dungeon (7/15)
 Temple: D:4-7

Altars:
Xom

Annotations:
D:4 Edmund
D:5 exclusion: downstairs


Innate Abilities, Weirdness & Mutations

You cannot be hasted, slowed, berserked, paralysed or teleported.
You can dig through walls and to a lower floor.
You have a pair of large antennae on your head. (SInv)
Your four strong arms can wield two-handed weapons with a shield.


Message History

A shaft appears beneath you!
You fall into a shaft and drop 3 floors!
The shaft crumbles and collapses.
Found 13 gold pieces.
Found an emerald potion.
h - 2 emerald potions (gained 1)
Found a stone staircase leading up.
Found a stone staircase leading up.
There is a stone staircase leading up here.
You climb upwards.
The white imp shouts!
The orc shouts!
The orc wizard shouts! x2
You hear a shout! x2
Found 13 gold pieces.
There is a stone staircase leading down here.
The orc shouts!
You hear a shout!
The orc wizard hits you but does no damage.
The orc barely misses you.
You climb downwards.
There is a stone staircase leading up here.
You barely miss the orc wizard.
The orc wizard hits you but does no damage.
The orc wizard barely misses you.
You thump the orc wizard!
The orc wizard is severely wounded.
The orc wizard gestures at you while chanting.
The magic dart hits you!
You hit the orc wizard.
The orc wizard is almost dead.
The orc wizard mumbles some strange words.
The orc wizard flickers and vanishes for a moment.
You hit the orc wizard but do no damage.
The orc wizard is almost dead.
The orc wizard hits you but does no damage.
The orc wizard hits you with a +0 dagger.
You hit the orc wizard but do no damage.
The orc wizard is almost dead.
The orc wizard points at you and mumbles some strange words.
The puff of flame hits you!
Ouch! That really hurt!
You die...

# #.#### ...#
##.## { ###.o@#
#<....# #.#...#
#.##.##.###.##.
#..............
###.#...###.###
#...#.#
#####.######
#.......#####
#..####.....#
#####..####.....#
...............#
#.#..#.#......#
#....#.#......#
#.........##### #
#.#..###.##
#.##.#..###.#
#...........#
####.#.###.##


You could see an orc wizard (invisible).

Vanquished Creatures
  An endoplasm (D:3)
  A kobold (D:4)
2 creatures vanquished.

Notes
Turn   | Place    | Note
-------+----------+-------------------------------------------
     0 | D:5      | petzl the Formicid Delver began the quest for the Orb.
     0 | D:5      | Reached XP level 1. HP: 18/18 MP: 1/1
     1 | D:6      | Noticed a hound
    70 | D:5      | Noticed an iguana
    85 | D:4      | Found a shimmering altar of Xom.
   297 | D:4      | Noticed Edmund
   309 | D:4      | You fall into a shaft and drop 3 floors!
   334 | D:6      | Noticed an orc wizard
   334 | D:6      | Noticed an orc wizard
   341 | D:7      | Killed from afar by an orc wizard

Illustrated notes

Levels and vault maps discovered:
D:3:      kennysheep_six_static_rooms, layout_loops_cross, kennysheep_nub,
          minmay_checkerbox
D:4:      layout_basic, lemuel_doored_altar, minmay_temple_entry_slanted,
          serial_shops, nicolae_shop_rolled_up, uniq_edmund
D:5:      layout_basic, lemuel_mausoleum_altar_kikubaaqudgha, uniq_blork_the_orc
D:6:      due_chaos_kobolds, layout_gridville,
          nicolae_hepliaklqana_monster_ancestors, ebering_ghost_sewer_d
D:7:      layout_loops_cross, mainiacjoe_overflow_concentric_impassable

Action                     || total
---------------------------++-------
  Melee: Mace              ||     8
Ability: Shaft Self        ||     1
   Stab: Sleeping          ||     2
 Armour: Leather armour    ||     4
  Dodge: Dodged            ||     5

Table legend: (Time is in decaauts)
 A = Elapsed time spent in this place.
 B = Non-inter-level travel time spent in this place.
 C = Inter-level travel time spent in this place.
 D = Time resting spent in this place.
 E = Time spent auto-exploring this place.
 F = Levels seen in this place.
 G = Mean time per level.
                   A        B        C        D        E       F      G
               +--------+--------+--------+--------+--------+-----+--------+
         Total |    342 |    342 |      0 |      0 |     72 |   5 |   68.4 |
       Dungeon |    342 |    342 |      0 |      0 |     72 |   5 |   68.4 |
               +--------+--------+--------+--------+--------+-----+--------+

Top non-repeatable levels by time:
     D:4: 179 daAuts
     D:5: 76 daAuts
     D:3: 51 daAuts
     D:7: 31 daAuts
     D:6: 3 daAuts
